 Dungeon Crawl Stone Soup version 0.28.0-1-gb440e238dd (webtiles) character file.

Game seed: 18341476879120177130

1969 Bamboolord the Gusty (level 9, -1/62 HPs)
             Began as a White Draconian Air Elementalist on Feb 23, 2022.
             Was an Initiate of Vehumet.
             Slain by Joseph (15 damage)
             ... on level 7 of the Dungeon.
             The game lasted 00:26:01 (7874 turns).

Bamboolord the Gusty (DrAE)                         Turns: 7874, Time: 00:26:02

Health: -1/62      AC:  7    Str: 10    XL:     9   Next: 0%
Magic:  4/27       EV: 13    Int: 20    God:    Vehumet [......]
Gold:   330        SH:  0    Dex: 12    Spells: 8/20 levels left

rFire   . . .      SeeInvis .   e - staff of air
rCold   + . .      Faith    .   (no shield)
rNeg    . . .      Spirit   .   (armour unavailable)
rPois   +          Reflect  .   (helmet restricted)
rElec   +          Harm     .   p - scarf {+Inv}
rCorr   .          Rampage  .   (no gloves)
Will    .....                   (no boots)
Stlth   ++........              (no amulet)
HPRegen 0.20/turn               b - ring of poison resistance
MPRegen 0.20/turn               g - ring of magical power

@: short of breath
A: breathe frost, AC +7, unfitting armour, cold resistance 1, cold-blooded
a: Breathe Frost, Renounce Religion, Evoke Invisibility


You were on level 7 of the Dungeon.
You worshipped Vehumet.
Vehumet was noncommittal.
You visited 2 branches of the dungeon, and saw 8 of its levels.

You collected 330 gold pieces.

Inventory:

Armour
 p - a scarf of invisibility (worn)
Magical Staves
 e - a staff of air (weapon)
Jewellery
 b - a ring of poison resistance (left hand)
 g - a ring of magical power (right hand)
 i - a +6 ring of strength
 n - an amulet of faith
 r - a ring of ice
Wands
 a - a wand of flame (8)
 k - a wand of acid (16)
Scrolls
 c - a scroll of vulnerability
 f - 5 scrolls of teleportation
 h - a scroll of fog
Potions
 d - a potion of mutation
 j - a potion of haste {unknown}
 l - a potion of resistance {unknown}
 m - a potion of flight {unknown}
 o - a potion of attraction {unknown}
 q - a potion of heal wounds {unknown}


   Skills:
 + Level 0.8 Staves
 * Level 4.1 Dodging
 + Level 2.3 Stealth
 * Level 6.2 Spellcasting
 * Level 5.4 Conjurations
 * Level 7.2 Air Magic


You had 8 spell levels left.
You knew the following spells:

 Your Spells              Type           Power      Damage    Failure   Level
a - Shock                 Conj/Air       100%       1d9       1%          1
b - Static Discharge      Conj/Air       47%        N/A       1%          2
c - Swiftness             Air            52%        N/A       1%          3
d - Airstrike             Air            26%        N/A       4%          4
e - Poisonous Vapours     Pois/Air       62%        N/A       3%          2

Your spell library contained the following spells:

 Spells                   Type           Power      Damage    Failure   Level
 Corpse Rot               Necr/Air       62%        N/A       3%          2
 Conjure Flame            Conj/Fire      17%        6-21      10%         3
 Slow                     Hex            24%        N/A       11%         1
 Sublimation of Blood     Necr           6%         N/A       16%         2
 Confusing Touch          Hex            6%         N/A       30%         3
 Ignite Poison            Fire/Tmut/Pois 6%         N/A       30%         3
 Vampiric Draining        Necr           6%         2d6       30%         3
 Sticky Flame             Conj/Fire      17%        2d4       32%         4
 Irradiate                Conj/Tmut      8%         3d16      67%         5
 Petrify                  Tmut/Erth      6%         N/A       71%         4
 Metabolic Englaciation   Hex/Ice        3%         N/A       96%         5
 Statue Form              Tmut/Erth      4%         N/A       100%        6


Dungeon Overview and Level Annotations

Branches:
Dungeon (7/15)             Temple (1/1) D:6

Altars:
Ashenzari
Dithmenos
Gozag
Nemelex Xobeh
Qazlal
Ru
Uskayaw
Vehumet
Wu Jian
Zin

Annotations:
D:5 Blork the orc
D:7 Joseph


Innate Abilities, Weirdness & Mutations

You can breathe waves of freezing cold which knock back foes.
Your icy white scales are hard. (AC +7)
You cannot fit into any form of body armour.
Your flesh is cold resistant. (rC+)
You are cold-blooded and may be slowed by cold attacks.


Message History

Okay, then.
Aiming: Breathe Frost (4% risk of failure)
Press: ? - help, Shift-Dir - straight line, f - Joseph
Aim: Joseph, wielding a +0 quarterstaff, wearing a +0 leather armour and quivering sling bullets (heavily wounded, 68% to hit)
You exhale a wave of freezing cold.
The freezing breath hits Joseph.
Joseph is severely wounded.
Joseph is blown backwards by the freezing wind.
Things that are here:
a howler monkey corpse; a howler monkey corpse You hit Joseph but do no damage.
Joseph is severely wounded.
Joseph says, "You will never get the ORB, sorry."
Joseph hits you but does no damage.
Casting: Static Discharge (safe; 1% risk of failure)
Confirm with . or Enter, or press ? or * to list all spells.
You feel a surge of power!
Joseph is struck by an arc of lightning.
Joseph is severely wounded.
You resist.
You are struck by an arc of lightning.
Joseph is struck by an arc of lightning.
Joseph is severely wounded.
The lightning grounds out.
Joseph hits you with a +0 quarterstaff!
Casting: Static Discharge (safe; 1% risk of failure)
Confirm with . or Enter, or press ? or * to list all spells.
You feel a surge of power!
Joseph is struck by an arc of lightning.
Joseph is almost dead.
The lightning grounds out.
Joseph hits you with a +0 quarterstaff!
* * * LOW HITPOINT WARNING * * *
Okay, then.
Casting: Static Discharge (safe; 1% risk of failure)
Confirm with . or Enter, or press ? or * to list all spells.
You feel a surge of power!
Joseph is struck by an arc of lightning.
Joseph is almost dead.
You resist.
You are struck by an arc of lightning.
Joseph is struck by an arc of lightning.
Joseph is almost dead.
The lightning grounds out.
Joseph hits you with a +0 quarterstaff!
You die...

#.# ..#
#.# #.#
#.# #.#
#@# #@#
#.# #.####
#....#
#....#
###..#
#..#
#..#######
#####
#.........


You could see Joseph.

Vanquished Creatures
  A steam dragon (D:6)
  A yak (D:5)
  Menkaure (D:4)
  A centaur (D:5)
  2 ogres (D:5)
  A phantom (D:4)
  3 scorpions
  A water moccasin skeleton (D:5)
  A wyvern skeleton (D:7)
  4 howler monkeys
  A hound (D:5)
  2 orc priests
  A gnoll shaman (D:5)
  A jelly (D:4)
  2 centaur skeletons
  4 iguanas
  Ijyb (D:5)
  3 orc wizards
  A killer bee zombie (D:5)
  2 hound skeletons (D:4)
  Robin (D:2)
  14 gnolls
  A howler monkey skeleton (D:6)
  10 adders
  A white imp (D:5)
  An ufetubus (D:6)
  2 dart slugs
  15 orcs
  10 ball pythons
  5 bats
  4 endoplasms
  6 giant cockroaches
  15 goblins
  8 hobgoblins
  2 jackals (D:4)
  2 quokkas
  3 frilled lizards
  8 kobolds
  8 rats
150 creatures vanquished.

Vanquished Creatures (others)
  3 plants
3 creatures vanquished.

Grand Total: 153 creatures vanquished

Notes
Turn   | Place    | Note
-------+----------+-------------------------------------------
     0 | D:1      | Bamboolord the Draconian Air Elementalist began the quest
                  | for the Orb.
     0 | D:1      | Reached XP level 1. HP: 14/14 MP: 3/3
   327 | D:1      | Reached XP level 2. HP: 17/20 MP: 0/5
   574 | D:1      | Found a faded altar of an unknown god.
  1297 | D:1      | Learned a level 2 spell: Static Discharge
  1608 | D:2      | Reached XP level 3. HP: 22/26 MP: 2/6
  1620 | D:2      | Noticed Robin
  1639 | D:2      | Killed Robin
  1803 | D:1      | Learned a level 3 spell: Swiftness
  2170 | D:2      | Reached XP level 4. HP: 33/33 MP: 4/8
  3251 | D:3      | Reached XP level 5. HP: 38/38 MP: 8/9
  3336 | D:3      | Learned a level 4 spell: Airstrike
  3971 | D:4      | Reached skill level 4 in Air Magic
  4422 | D:4      | Reached XP level 6. HP: 45/45 MP: 11/11
  4822 | D:4      | Your scales start taking on an icy white colour.
  4822 | D:4      | Reached XP level 7. HP: 32/50 MP: 6/13
  4822 | D:4      | Gained mutation: Your flesh is cold resistant. (rC+) [White
                  | Draconian growth]
  5102 | D:5      | Entered Level 5 of the Dungeon
  5106 | D:5      | Found a broken altar of Ashenzari.
  5106 | D:5      | Noticed a yak
  5118 | D:5      | Noticed Ijyb
  5133 | D:4      | Reached skill level 5 in Air Magic
  5431 | D:5      | Noticed Menkaure
  5443 | D:4      | Killed Menkaure
  5444 | D:4      | Reached skill level 5 in Spellcasting
  5664 | D:5      | Killed a yak
  5786 | D:5      | Noticed Blork the orc
  5811 | D:5      | Reached XP level 8. HP: 57/57 MP: 16/16
  5831 | D:5      | Reached skill level 6 in Air Magic
  5870 | D:5      | Killed Ijyb
  6282 | D:5      | Reached skill level 5 in Conjurations
  6902 | D:6      | Found a staircase to the Ecumenical Temple.
  6935 | D:6      | Identified the +2 leather armour of Yredelemnul's Whim
                  | {rElec rPois Will+ Stlth+}
  6966 | Temple   | Entered the Ecumenical Temple
  6974 | Temple   | Became a worshipper of Vehumet
  7301 | D:6      | Learned a level 2 spell: Poisonous Vapours
  7858 | D:7      | Noticed Joseph
  7860 | D:7      | Reached skill level 7 in Air Magic
  7866 | D:7      | Reached XP level 9. HP: 61/62 MP: 14/18
  7874 | D:7      | Slain by Joseph

Illustrated notes

Levels and vault maps discovered:
D:1:      dpeg_arrival_castle, layout_loops_corners, serial_forest,
          infiniplex_forest_lined_corner, infiniplex_forest_end_3,
          infiniplex_forest_end_3, infiniplex_forest_split,
          ebering_ecumenical_altar_box, minmay_three_crescents
D:2:      layout_loops_cross, uniq_robin
D:3:      layout_basic
D:4:      layout_basic
D:5:      layout_loops_cross, serial_bayou_pond_d, minmay_ruined_shrine,
          uniq_blork_the_orc, uniq_ijyb, uniq_menkaure
D:6:      layout_basic, minmay_temple_entry_fiery
D:7:      layout_loops_ring, minmay_misc_feat_doors,
          chequers_serial_rivers_room_b, hangedman_abyss_or_decor_stabs,
          uniq_joseph
Temple:   grunt_wide_crystal_templ

Skill      XL: |  1  2  3  4  5  6  7  8 |
---------------+-------------------------+-----
Dodging        | 2 3 4 |  4.1
Conjurations   | 2 3 4 5 |  5.4
Spellcasting   | 3 4 5 6 |  6.2
Stealth        | 2 |  2.3
Air Magic      | 4 5 7 |  7.2
Staves         | |  0.8

Action                   |  1- 3 |  4- 6 |  7- 9 || total
-------------------------+-------+-------+-------++-------
Melee: Unarmed           |    27 |       |       ||    27
       Tailslap          |     8 |       |       ||     8
       Staff             |    18 |    12 |    12 ||    42
       Punch             |     1 |       |       ||     1
 Cast: Shock             |    71 |   107 |    70 ||   248
       Static Discharge  |     4 |    20 |    59 ||    83
       Airstrike         |       |       |     3 ||     3
 Abil: Breathe Frost     |       |       |    10 ||    10
  Use: Scroll            |     3 |     6 |     2 ||    11
       Potion            |       |     1 |     3 ||     4
 Stab: Sleeping          |       |     1 |       ||     1
Armor: Skin              |    31 |     8 |    24 ||    63
Dodge: Dodged            |    52 |    18 |    39 ||   109
